 Dungeon Crawl Stone Soup version 0.27.1-34-g3ba077fa99 (webtiles) character file.

Game seed: 7948643221948119415

112 Orthodox the Skirmisher (level 5, -3/43 HPs)
             Began as a Formicid Abyssal Knight on Jan 19, 2022.
             Was a Believer of Lugonu.
             Slain by an iguana (8 damage)
             ... on level 4 of the Dungeon.
             The game lasted 00:08:40 (3577 turns).

Orthodox the Skirmisher (Formicid Abyssal Knight)   Turns: 3577, Time: 00:08:41

Health: -3/43      AC:  8    Str: 18    XL:     5   Next: 16%
Magic:  6/6        EV:  7    Int: 11    God:    Lugonu [**....]
Gold:   170        SH:  0    Dex: 10    Spells: 4/4 levels left

rFire    . . .     SeeInvis +   a - +1 hand axe
rCold    . . .     Faith    .   (no shield)
rNeg     + . .     Spirit   .   s - +0 chain mail {rN+}
rPois    .         Reflect  .   (helmet unavailable)
rElec    .         Harm     .   (no cloak)
rCorr    .         Rampage  .   (no gloves)
Will     .....                  (no boots)
Stlth    ..........             (no amulet)
HPRegen  0.14/turn              (no ring)
MPRegen  0.10/turn              (no ring)

@: studying Stealth
A: permanent stasis, dig shafts and tunnels, antennae 3, four strong arms
a: Dig, Shaft Self, Renounce Religion, Depart the Abyss, Bend Space


You were on level 4 of the Dungeon.
You worshipped Lugonu.
Lugonu was pleased with you.
You visited 1 branch of the dungeon, and saw 4 of its levels.
You visited the Abyss 1 time.

You collected 170 gold pieces.

Inventory:

Hand Weapons
 a - a +1 hand axe (weapon)
Missiles
 d - a throwing net
Armour
 b - a +0 leather armour
 s - a +0 chain mail of positive energy (worn)
Jewellery
 c - a +6 ring of intelligence
 l - a ring of fire
 q - an amulet of faith
Wands
 n - a wand of paralysis (9)
Scrolls
 f - a scroll of enchant armour {unknown}
 g - a scroll of immolation {unknown}
 i - 2 scrolls of identify {unknown}
 j - a scroll of amnesia {unknown}
 k - a scroll of silence {unknown}
 m - a scroll of magic mapping {unknown}
Potions
 e - a potion of lignification {unknown}
 h - 3 potions of heal wounds {unknown}
 o - a potion of haste {unknown}
 p - a potion of degeneration {unknown}
 r - a potion of flight


   Skills:
 + Level 4.8 Fighting
 + Level 3.7 Axes
 - Level 2.2 Armour
 - Level 0.8 Dodging
 - Level 2.2 Invocations


You had 4 spell levels left.
You didn't know any spells.
Your spell library contained the following spells:

 Spells                   Type           Power      Damage    Failure   Level
 Freeze                   Ice            0%         1d3       99%         1
 Corpse Rot               Necr/Air       N/A        N/A       100%        2
 Ensorcelled Hibernation  Hex/Ice        0%         N/A       100%        2
 Frozen Ramparts          Ice            0%         1d2       100%        3
 Spider Form              Tmut/Pois      0%         N/A       100%        3
 Dispel Undead            Necr           0%         3d6       100%        4
 Hailstorm                Conj/Ice       0%         3d3       100%        4
 Death Channel            Necr           0%         N/A       100%        6
 Shadow Creatures         Summ           N/A        N/A       100%        6


Dungeon Overview and Level Annotations

Branches:
Dungeon (4/15)
 Temple: D:4-7

Altars:
Nemelex Xobeh
Xom


Innate Abilities, Weirdness & Mutations

You cannot be hasted, slowed, berserked, paralysed or teleported.
You can dig through walls and to a lower floor.
You have a pair of large antennae on your head. (SInv)
Your four strong arms can wield two-handed weapons with a shield.


Message History

You climb downwards.
Found a book of Frost and 8 gold pieces.
There is a stone staircase leading up here.
You sense a monster nearby.
You pick up a book of Frost and begin reading...
You add the spells Freeze, Frozen Ramparts and Hailstorm to your library.
You now have 170 gold pieces (gained 8).
Found a stone staircase leading up.
An iguana comes into view.
The iguana hisses angrily.
The iguana moves out of view.
An iguana is nearby!
The iguana bites you!
You hit the iguana.
The iguana is lightly wounded.
The iguana closely misses you.
You barely miss the iguana.
The iguana is lightly wounded.
The iguana bites you.
Your chain mail prevents you from hitting the iguana.
The iguana is lightly wounded.
The iguana bites you!
You are too injured to fight recklessly!
You are too injured to fight recklessly!
You are too injured to fight recklessly!
You hit the iguana but do no damage.
The iguana is lightly wounded.
The iguana bites you!
* * * LOW HITPOINT WARNING * * *
You hit the iguana.
The iguana is moderately wounded.
The iguana barely misses you.
You hit the iguana.
The iguana is severely wounded.
The iguana bites you.
* * * LOW HITPOINT WARNING * * *
You hit the iguana.
The iguana is severely wounded.
The iguana bites you!
You die...

#.......... ##
#...$....# . .. #<.#
.. #.## .#..# ..
...# .#..## #.. ..##
.#...#
#..##..##..#..#
.##...l.........#
....#.#@........#
.........##.....##
.................. .
#####<..........##
..
#####.............
..
........####+##.##.#
#######...##... ...
..........##...#.##
.#######..##...<.# {


You could see an iguana.

Vanquished Creatures
  4 adders
  2 worms (D:2)
  4 dart slugs
  An orc (D:3)
  3 ball pythons
  6 bats
  3 endoplasms
  6 giant cockroaches
  6 goblins
  6 hobgoblins
  2 jackals
  A quokka (D:2)
  3 frilled lizards
  6 kobolds
  5 rats
58 creatures vanquished.

Notes
Turn   | Place    | Note
-------+----------+-------------------------------------------
     0 | Abyss:1  | Orthodox the Formicid Abyssal Knight began the quest for
                  | the Orb.
     0 | Abyss:1  | Reached XP level 1. HP: 18/18 MP: 2/2
    33 | Abyss:1  | Noticed a tentacled starspawn
    34 | D:1      | Escaped the Abyss
   193 | D:1      | Reached XP level 2. HP: 24/24 MP: 3/3
   458 | D:1      | Reached * piety under Lugonu
   692 | D:1      | Reached XP level 3. HP: 30/30 MP: 4/4
   885 | D:2      | Reached skill level 4 in Fighting
   892 | D:2      | HP: 1/30 [poisoned by an adder]
  1345 | D:2      | Reached XP level 4. HP: 32/38 MP: 5/5
  1762 | D:2      | Reached ** piety under Lugonu
  2529 | D:3      | Noticed an ogre
  2608 | D:3      | Found a faded altar of an unknown god.
  2851 | D:3      | Reached XP level 5. HP: 43/43 MP: 6/6
  3039 | D:3      | Found a sparkling altar of Nemelex Xobeh.
  3043 | D:3      | Found a shimmering altar of Xom.
  3577 | D:4      | Slain by an iguana

Illustrated notes

Levels and vault maps discovered:
D:1:      wheals_arrival_shading, layout_basic
D:2:      layout_loops_ring, minmay_misc_feat_enclosed
D:3:      layout_loops_ring, mainiacjoe_overflow_large_starburst,
          shapermc_ecumenical_altar_notcrosses
D:4:      layout_basic, minmay_temple_entry_offerings

Skill      XL: |  1  2  3 |
---------------+----------+-----
Fighting       | 4 |  4.8
Axes           | 3 |  3.7
Armour         | |  2.2
Dodging        | |  0.8
Invocations    | |  2.2

Action                   |  1- 3 |  4- 6 || total
-------------------------+-------+-------++-------
Melee: Hand axe          |    88 |    99 ||   187
Invok: Depart the Abyss  |     1 |       ||     1
       Bend Space        |       |     1 ||     1
  Use: Potion            |     3 |       ||     3
Armor: Leather armour    |    34 |    22 ||    56
       Chain mail        |       |     4 ||     4
Dodge: Dodged            |    81 |    48 ||   129
